 Dungeon Crawl Stone Soup version 0.22-b1-26-g9dbaab1 (webtiles) character file.

101 Goblin1989 the Chopper (level 4, -1/52 HPs)
             Began as a Demonspawn Chaos Knight on Aug 8, 2018.
             Slain by an orc
             ... wielding a +2 trident of venom
              (3 damage)
             ... on level 3 of the Dungeon.
             The game lasted 00:03:45 (1729 turns).

Goblin1989 the Chopper (Demonspawn Chaos Knight)    Turns: 1729, Time: 00:03:46

Health: -1/52      AC: 22    Str: 13      XL:     4   Next: 48%
Magic:  0/4        EV:  2    Int: 17 (18) God:    Xom [*.....]
Gold:   171        SH:  0    Dex: 13      Spells: 3/3 levels left

rFire    . . .     SeeInvis .   a - +0 hand axe (chaos)
rCold    . . .     Gourm    .   (no shield)
rNeg     + + +     Faith    .   (armour currently unavailable)
rPois    +         Spirit   +   (helmet currently unavailable)
rElec    .         Reflect  .   (cloak currently unavailable)
rCorr    .         Harm     .   (gloves currently unavailable)
MR       .....     NoTele   +   (boots currently unavailable)
Stlth    +.........             (no amulet)
HPRegen  0.17/turn              (no ring)
MPRegen  0.09/turn              (no ring)

@: brilliant, lethally poisoned (-1 -> -4), tree-form, hasted, very quick
A: magic shield
a: Renounce Religion


You were on level 3 of the Dungeon.
You worshipped Xom.
You were a special plaything of Xom.
You were not hungry.
You were a tree.
You visited 1 branch of the dungeon, and saw 3 of its levels.

You collected 171 gold pieces.

Inventory:

Hand Weapons
 a - a +0 hand axe of chaos (weapon)
 p - a +2 dagger of electrocution
Armour
 b - a +2 leather armour (melded)
Scrolls
 g - a scroll of remove curse {unknown}
 i - 2 scrolls of enchant weapon {unknown}
 j - 3 scrolls of identify {unknown}
 l - a scroll of teleportation {unknown}
 r - a scroll of magic mapping {unknown}
 v - a scroll of amnesia {unknown}
Potions
 k - a potion of degeneration {unknown}
 m - a potion of cancellation {unknown}
 n - a potion of curing {unknown}
 u - a potion of haste {@q3,}
Comestibles
 e - 6 rations
 t - 7 chunks of flesh


   Skills:
 - Level 3.0 Fighting
 + Level 4.8 Axes
 - Level 1.7 Armour
 - Level 0.8 Dodging


You had 3 spell levels left.
You didn't know any spells.
Your spell library was empty.

Dungeon Overview and Level Annotations

Branches:
Dungeon (3/15)

Altars:
Trog


Innate Abilities, Weirdness & Mutations

((You have a pair of small horns on your head.))
When hurt, damage is shared between your health and your magic reserves.


Message History

You butcher the rat corpse.
t - 4 chunks of flesh (gained 1)
You see here a rat skeleton. x2
You butcher the worm corpse.
t - 6 chunks of flesh (gained 2)
e - 6 rations (gained 1)
You open the door.
There is an open door here.
A bat comes into view.
You see here a scroll labeled OZOERA COOFF.
A bat is nearby!
Unknown command.
You hit the bat.
You kill the bat!
No target in view!
No target in view!
No target in view!
No target in view!
No target in view!
No target in view!
No target in view!
No target in view!
No target in view!
No target in view!
No target in view!
No target in view!
No target in view!
No target in view!
No target in view!
No target in view!
No target in view!
No target in view!
No target in view!
No target in view!
No target in view!
No target in view!
v - a scroll labeled OZOERA COOFF You butcher the bat corpse.
t - 7 chunks of flesh (gained 1)
You see here a bat skeleton. x2
An orc comes into view.
An orc is nearby!
An orc is nearby!
An orc comes into view.
It is wielding a trident of venom. 3 orcs come into view.
The orc shouts! x3
The orc closely misses you.
You hit the orc. You burn the orc.
The orc is moderately wounded.
The orc hits you from afar with a trident of venom!
You are poisoned.
The orc misses you.
You take 8 damage, and have 27/35 hp.
MASSIVE DAMAGE!!
You now have 3/4 mp.
You hit the orc but do no damage.
The orc is moderately wounded.
You feel sick.
The orc hits you from afar with a trident of venom!
You are more poisoned.
The orc completely misses you.
You take 11 damage, and have 16/35 hp.
MASSIVE DAMAGE!!
You now have 2/4 mp.
You hit the orc.
You kill the orc!
You feel sick.
The orc hits you from afar with a trident of venom.
* * * LOW HITPOINT WARNING * * *
You take 4 damage, and have 12/35 hp.
Unknown command.
You feel sick.
You take 1 damage, and have 11/35 hp.
You feel sick.
You feel sick.
The orc throws a tomahawk.
The tomahawk hits you.
* * * LOW HITPOINT WARNING * * *
You see here a tomahawk.
You take 5 damage, and have 6/35 hp.
* * * LOW HITPOINT WARNING * * *
You feel sick.
You take 1 damage, and have 5/35 hp.
You see here a bat skeleton.
* * * LOW HITPOINT WARNING * * *
You feel sick.
You take 1 damage, and have 4/35 hp.
* * * LOW HITPOINT WARNING * * *
You feel sick.
You take 1 damage, and have 3/35 hp.
* * * LOW HITPOINT WARNING * * *
You feel sick.
There is an open door here.
You take 1 damage, and have 2/35 hp.
It was a potion of haste.
You feel yourself speed up.
* * * LOW HITPOINT WARNING * * *
You feel sick. The orc barely misses you.
You take 1 damage, and have 1/35 hp.
It was a potion of lignification.
You turn into a tree.
Your +2 leather armour melds into your body.
Your roots penetrate the ground.
You now have 2/52 hp.
It was a potion of brilliance.
You feel clever all of a sudden.
The orc hits you from afar with a trident of venom.
You die... ███████████

█.........█ █♣██......█
███∆███.....█
█..o..█.....█
█...o.█.....████████
█..o..█............█
█..o§§█............█
██.≈§≈§██████.......█
.....≈.§§(....█.......█
...≈≈Ψ.Ψ≈≈....█........


You could see 4 orcs.

Vanquished Creatures
  A gnoll (D:1)
  3 adders (D:2)
  3 worms
  A dart slug (D:1)
  3 leopard geckos
  An orc (D:3)
  2 ball pythons
  3 giant cockroaches
  9 goblins
  9 hobgoblins
  5 kobolds
  3 bats
  A frilled lizard (D:2)
  4 rats
48 creatures vanquished.

Notes
Turn   | Place    | Note
-------+----------+-------------------------------------------
     0 | D:1      | Goblin1989 the Demonspawn Chaos Knight began the quest for the Orb.
     0 | D:1      | Reached XP level 1. HP: 18/18 MP: 1/1
     6 | D:1      | Noticed an electric eel
    29 | D:1      | Reached skill level 3 in Axes
   158 | D:1      | Gained mutation: You have a pair of small horns on your head. [demonic ancestry]
   158 | D:1      | Reached XP level 2. HP: 20/24 MP: 2/2
   167 | D:1      | XOM: harmless Fire miscast
   313 | D:1      | XOM: potion effect (invisibility)
   409 | D:1      | Gained mutation: When hurt, damage is shared between your health and your magic reserves. [demonic ancestry]
   409 | D:1      | Reached XP level 3. HP: 29/29 MP: 3/3
   582 | D:2      | Reached skill level 4 in Axes
   667 | D:2      | XOM: harmless Hex miscast
   679 | D:2      | XOM: divination: detect items
   847 | D:2      | Reached XP level 4. HP: 32/35 MP: 4/4
  1111 | D:2      | XOM: harmless Tloc miscast
  1122 | D:2      | XOM: stat loss: -1 Int (12/13)
  1326 | D:2      | XOM: severe Ice miscast
  1548 | D:3      | XOM: harmless Chrm miscast
  1581 | D:3      | Noticed a moth of wrath
  1584 | D:3      | XOM: harmless Tloc miscast
  1586 | D:3      | Found a bloodstained altar of Trog.
  1727 | D:3      | HP: 1/35 [poisoned by an orc]
  1729 | D:3      | Slain by an orc

Skill      XL: |  1  2  3 |
---------------+----------+-----
Axes           | 3 4 |  4.8
Fighting       | |  3.0
Armour         | |  1.7
Dodging        | |  0.8

Action                   |  1- 3 |  4- 6 || total
-------------------------+-------+-------++-------
Melee: Hand axe          |    96 |    50 ||   146
       Headbutt          |     2 |     7 ||     9
  Use: Potion            |       |     3 ||     3
 Stab: Paralysed         |     1 |       ||     1
       Invisible         |     2 |       ||     2
       Confused          |     1 |     1 ||     2
  Eat: Chunk             |       |     3 ||     3
Armor: Leather armour    |    20 |     9 ||    29
Dodge: Dodged            |    60 |    32 ||    92

Vault maps used:
D:1:      arrival_aquarium_a
D:2:      first_ration
D:3:      lemuel_crystal_altar, kennysheep_minor_cross, tgw_trog
